Cogmind - Beta 13 --- EXPLORER MODE // 2024.04.28 @ 23:30:39 Player: CommieCapybara Result: Destroyed by YO-JDW(R) with Subdweller Laser Performance ------------- Evolutions (0) 0 Regions Visited (3) 600 Robots Destroyed (17) 85 Value Destroyed (483) 483 Prototype IDs (0) 0 Alien Tech Used (0) 0 Bonus (0) 0 TOTAL SCORE: 1168 Bonus ------- None Cogmind --------- Core Integrity 0/250 Matter 300/300 Energy 99/100 System Corruption 0% Temperature Cool (6) Movement Rolling (110) Location -10/Subcaves Parts ------- > --- POWER (1) -------- (None) > --- PROPULSION (2) --- Subdweller Monowheel > --- UTILITY (3) ------ Small Storage Unit Structural Scanner Targeting Computer > --- WEAPON (2) ------- Makeshift Shrapnel Gun > --- INVENTORY (8) ---- Medium Matter Pod (100) Faulty Experimental Sensor Array Signal Interpreter Core Shielding Welding Torch Peak State ------------ > --- POWER ------------ Light Nuclear Core > --- PROPULSION ------- Subdweller Monowheel Subdweller Monowheel > --- UTILITY ---------- Small Storage Unit Structural Scanner Targeting Computer > --- WEAPON ----------- Makeshift Shrapnel Gun Rocket Launcher > --- INVENTORY -------- Medium Matter Pod Experimental Sensor Array Signal Interpreter Core Shielding Welding Torch [Rating: 17] Favorites ----------- Power Light Nuclear Core Engine Light Ion Engine Power Core Light Nuclear Core Propulsion Aluminum Leg Leg Aluminum Leg Wheel Wheel Utility Targeting Computer Device Structural Scanner Storage Small Storage Unit Processor Targeting Computer Weapon Light Assault Rifle Energy Gun Small Laser Ballistic Gun Light Assault Rifle Launcher Rocket Launcher Build | -11 -10 -10 -10 ------- Run | Yrd Mat Min Sub Slots Evolved 1 | . 1 . . Power . | . . . . Propulsion . | . . . . Utility 1 | . 1 . . Weapon . | . . . . Parts Attached 26 | 8 8 8 2 Power 3 | 1 . 2 . Engine 2 | 1 . 1 . Core 1 | . . 1 . Reactor . | . . . . Propulsion 12 | 2 4 4 2 Treads . | . . . . Leg 7 | 2 3 2 . Wheel 5 | . 1 2 2 Hover . | . . . . Flight . | . . . . Utility 5 | 3 2 . . Device 1 | 1 . . . Storage 3 | 1 2 . . Processor 1 | 1 . . . Hackware . | . . . . Protection . | . . . . Artifact . | . . . . Weapon 6 | 2 2 2 . Energy Gun 1 | 1 . . . Energy Cannon . | . . . . Ballistic Gun 4 | 1 2 1 . Ballistic Cannon . | . . . . Launcher 1 | . . 1 . Special Weapon . | . . . . Impact Weapon . | . . . . Slashing Weapon . | . . . . Piercing Weapon . | . . . . Special Melee Weapon . | . . . . Unidentified Prototypes . | . . . . Parts Lost 5 | . 1 1 3 Power 2 | . 1 . 1 Propulsion 1 | . . . 1 Utility . | . . . . Weapon 2 | . . 1 1 Highest Loss Streak 2 | . 1 1 2 To Critical Strikes . | . . . . Average Slot Usage (%) 98 | . 98 99 90 Engine 4 | . 11 . . Core 7 | . . 10 11 Leg 20 | . 20 21 9 Wheel 4 | . 4 3 10 Device 12 | . 12 12 12 Storage 11 | . 10 12 12 Processor 12 | . 12 12 12 Energy Gun 2 | . 6 . . Ballistic Gun 14 | . 18 13 12 Launcher 6 | . . 10 9 Naked Turns . | . . . . Heaviest Build 86 | 7 86 17 17 Greatest Support 40 | 20 20 20 40 Greatest Overweight (x) 4 | . 4 . . Average Overweight (x) . | . . . . Largest Inventory Capacity 25 | 5 25 8 8 Average Capacity 7 | 5 8 8 8 Most Carried 8 | 2 6 8 6 Average Carried 4 | . 3 4 5 Final Capacity 8 | 5 8 8 8 Final Carried 5 | 1 4 5 5 Class Distribution -------------------- 96% | Hacker-Mutant 3% | Scavenger-Mutant Dominant Class ---------------- Hacker-Mutant | -10/Materials Hacker-Mutant | -10/Mines Hacker-Mutant | -10/Subcaves Resources | -11 -10 -10 -10 ----------- Run | Yrd Mat Min Sub Matter Collected 692 | 335 154 161 42 Remotely . | . . . . Salvage Created 513 | 44 173 265 31 Parts 29 | 3 9 15 2 Haulers Intercepted . | . . . . Recyclers Shooed . | . . . . Parts Field Recycled . | . . . . Retrieved Matter . | . . . . Parts Self-Destructed . | . . . . Prevented . | . . . . Kills | -11 -10 -10 -10 ------- Run | Yrd Mat Min Sub Combat Hostiles Destroyed 16 | 1 6 8 1 Guns 11 | 1 6 4 . AOE 5 | . . 4 1 Classes Destroyed 4 | 2 1 . 1 Worker 1 | 1 . . . Swarmer 5 | . 3 2 . Grunt 10 | 1 3 6 . Subdweller 1 | . . . 1 Best Kill Streak 4 | 1 2 4 1 Combat Bots Only 4 | 1 2 4 1 Max Kills in Single Turn 1 | 1 1 1 1 Gunslinging . | . . . . Exploded 1 | . . 1 1 Melee . | . . . . Uniques/NPCs Destroyed . | . . . . Combat | -11 -10 -10 -10 -------- Run | Yrd Mat Min Sub Hostile Shots Fired 203 | 2 98 73 30 Missed 72 | 1 37 25 9 Damage Taken 1163 | 7 402 428 326 Core 260 | . 52 109 99 Absorbed by Shields . | . . . . Ignored by Resistances 712 | 4 265 250 193 Core Remaining (%) 100 | 100 . . . Volleys Fired 56 | 4 33 17 2 Largest 2 | 2 2 2 2 Hottest 60 | 60 60 53 57 Shots Fired 111 | 8 65 34 4 Gun 105 | 8 65 30 2 Cannon . | . . . . Launcher 6 | . . 4 2 Special . | . . . . Kinetic 83 | 4 47 30 2 Thermal 22 | 4 18 . . Explosive 6 | . . 4 2 Electromagnetic . | . . . . Robot Hit Streak 27 | 4 27 11 . Robot Miss Streak 3 | 1 1 3 . Penetration Max . | . . . . Secondary Targets 3 | . 2 1 . Max Gunslinging Chain 1 | . 1 1 . Shots Hit Robots 86 | 6 56 24 . Core Hits 40 | 3 18 18 1 Critical Kills . | . . . . Critical Parts Destroyed . | . . . . Critical Strikes . | . . . . Melee Attacks . | . . . . Impact . | . . . . Slashing . | . . . . Piercing . | . . . . Sneak Attacks . | . . . . Combat Hostiles . | . . . . Follow-up Attacks . | . . . . Damage Inflicted 1320 | 64 517 522 217 Guns 788 | 64 500 191 33 Cannons . | . . . . Explosions 462 | . . 278 184 Melee . | . . . . Ramming 70 | . 17 53 . Kinetic 579 | 18 337 191 33 Thermal 209 | 46 163 . . Explosive 462 | . . 278 184 Electromagnetic . | . . . . Impact . | . . . . Slashing . | . . . . Piercing . | . . . . Highest Corruption . | . . . . Average Corruption . | . . . . Corruption Purged . | . . . . Corruption Blocked . | . . . . Overload Shots . | . . . . Overflow Damage . | . . . . Projectiles . | . . . . Explosions . | . . . . Melee . | . . . . Knockbacks 1 | . . 1 . Impact 1 | . . 1 . Kinetic . | . . . . Secondary . | . . . . Self-Inflicted Damage 44 | . . 17 27 Shots 1 | . . . 1 Rammed 13 | . . 13 . Targets Rammed 27 | . 13 14 . Kicked 14 | . 13 1 . Crushed . | . . . . Highest Temperature 100 | 46 100 43 . Average Temperature 28 | 23 32 18 . Received Heat Transfer 705 | 6 222 354 123 Siege Activations . | . . . . Robots Corrupted . | . . . . Combat Hostiles . | . . . . Parts Fried . | . . . . Impact Corruptions . | . . . . Robots Melted . | . . . . Combat Hostiles . | . . . . Parts Melted . | . . . . Heat Transferred 475 | 100 375 . . Parts Sabotaged . | . . . . Parts Stolen . | . . . . Parts Stripped . | . . . . Power Chain Reactions . | . . . . Alert | -11 -10 -10 -10 ------- Run | Yrd Mat Min Sub Peak Influence 315 | 25 65 315 . Initial 12 | . 12 9 . Average 16 | 18 13 17 . Maximum Alert Level 1 | . . 1 . Low Security (%) 98 | 100 100 97 . Level 1 1 | . . 2 . Level 2 . | . . . . Level 3 . | . . . . Level 4 . | . . . . Level 5 . | . . . . High Security . | . . . . Max Security . | . . . . Squads Dispatched . | . . . . Investigation . | . . . . Extermination . | . . . . Reinforcement . | . . . . Assault . | . . . . Garrison . | . . . . Intercept . | . . . . Searches Triggered . | . . . . Construction Impeded . | . . . . Haulers Reinforced . | . . . . Active Scanning Responses . | . . . . Cargo Convoy Interrupts . | . . . . Stealth | -11 -10 -10 -10 --------- Run | Yrd Mat Min Sub Distress Signals 2 | . 2 . . Communications Jammed . | . . . . Distress Signals . | . . . . Times Spotted 34 | 1 13 12 8 Peak Tracking Total 4 | 1 3 4 4 Tactical Retreats 4 | . 1 3 . Traps | -11 -10 -10 -10 ------- Run | Yrd Mat Min Sub Traps Triggered 1 | . 1 . . Indirectly . | . . . . Trap Hack Attempts . | . . . . Triggered . | . . . . Disarmed . | . . . . Reprogrammed . | . . . . Reused . | . . . . Traps Extracted . | . . . . Installed . | . . . . Triggered . | . . . . Machines | -11 -10 -10 -10 ---------- Run | Yrd Mat Min Sub Machines Disabled . | . . . . Max in Single Turn . | . . . . Machines Repaired . | . . . . Machines Dismantled . | . . . . Machines Sabotaged . | . . . . Overloaded Fab Kills . | . . . . Hacking | -11 -10 -10 -10 --------- Run | Yrd Mat Min Sub Machines Accessed 1 | . 1 . . Terminals 1 | . 1 . . Fabricators . | . . . . Repair Stations . | . . . . Recycling Units . | . . . . Scanalyzers . | . . . . Garrison Access . | . . . . Total Hacks 3 | . 3 . . Successful 3 | . 3 . . Failed . | . . . . Catastrophic . | . . . . Database Lockouts . | . . . . Manual 1 | . 1 . . Terminals 3 | . 3 . . Fabricators . | . . . . Repair Stations . | . . . . Recycling Units . | . . . . Scanalyzers . | . . . . Garrison Access . | . . . . Terminal Hacks 3 | . 3 . . Record 1 | . 1 . . Alert Level 1 | . 1 . . Dispatch Records 1 | . 1 . . Fabricator Hacks . | . . . . Repair Station Hacks . | . . . . Recycling Unit Hacks . | . . . . Scanalyzer . | . . . . Garrison Access Hacks . | . . . . Unauthorized Hacks . | . . . . Terminals . | . . . . Fabricators . | . . . . Repair Stations . | . . . . Recycling Units . | . . . . Scanalyzers . | . . . . Garrison Access . | . . . . Data Cores Recovered . | . . . . Used . | . . . . Hacking Detections 1 | . 1 . . Full Trace Events . | . . . . Feedback Events . | . . . . Feedback Blocked . | . . . . Robot Schematics Acquired . | . . . . Robots Built . | . . . . Authchips . | . . . . Time . | . . . . Total Robot Build Rating . | . . . . Part Schematics Acquired . | . . . . Parts Built . | . . . . Authchips . | . . . . Time . | . . . . Total Part Build Rating . | . . . . Parts Repaired . | . . . . Time . | . . . . Parts Recycled . | . . . . Recycled Matter . | . . . . Retrieved Matter . | . . . . Retrieved Components . | . . . . Parts Scanalyzed . | . . . . Part Schematics Acquired . | . . . . Parts Damaged . | . . . . Bothacking | -11 -10 -10 -10 ------------ Run | Yrd Mat Min Sub Used RIF Installer . | . . . . Robots Hacked . | . . . . Non-combat . | . . . . Combat . | . . . . Robot Hacks Applied . | . . . . Relay Couplers Released . | . . . . Fabnet Peak Effective % . | . . . . Robots Rewired . | . . . . Allies Hacked . | . . . . Hacks Repelled . | . . . . Allies | -11 -10 -10 -10 -------- Run | Yrd Mat Min Sub Total Allies . | . . . . Largest Group . | . . . . Highest-Rated Group . | . . . . Highest-Rated Ally . | . . . . Total Orders . | . . . . Ally Attacks . | . . . . Total Damage . | . . . . Kills . | . . . . Allies Corrupted . | . . . . Allies Melted . | . . . . Intel | -11 -10 -10 -10 ------- Run | Yrd Mat Min Sub Robot Analysis Total . | . . . . Derelict Logs Recovered 2 | . . 1 1 Drone Launches . | . . . . Drone Recoveries . | . . . . Exploration | -11 -10 -10 -10 ------------- Run | Yrd Mat Min Sub Turns Passed 5244 | 301 1656 2923 364 Spaces Moved 2603 | 241 893 1167 302 Core 26 | 21 5 . . Treads . | . . . . Legs 1645 | 220 591 722 112 Wheels 932 | . 297 445 190 Hover . | . . . . Flight . | . . . . Fastest Speed 50 | 50 100 80 110 Average Speed 111 | 113 118 104 113 Slowest Speed 400 | 120 400 120 120 Overloaded Moves . | . . . . Propulsion Burnouts . | . . . . Robots Hopped . | . . . . Cave-ins Triggered . | . . . . Exploration Rate (%) 40 | 10 53 87 12 Regions Visited 3 Branch Regions 2 Pre-discovered Areas 1 | . . . 1 Known Exits Taken 3 | 1 1 1 . Unknown Exits Taken . | . . . . Scrap Searched 3 | . . . 3 Spaces Dug 6 | . . . 6 Terrain Destroyed 52 | . . 39 13 Melee . | . . . . Projectile . | . . . . AOE 52 | . . 39 13 Terrain Rammed . | . . . . Walls Destroyed . | . . . . Machines Disabled . | . . . . Actions | -11 -10 -10 -10 --------- Run | Yrd Mat Min Sub Total 4856 | 261 1434 2841 320 Wait 2097 | . 468 1619 10 Move 2600 | 240 892 1166 302 Hop . | . . . . Pick Up 32 | 8 12 10 2 Fast Attach . | . . . . Attach 23 | 8 8 5 2 Detach 1 | 1 . . . Swap 3 | . . 3 . Drop 17 | . 8 7 2 Fire 56 | 4 33 17 2 Melee . | . . . . Ram 13 | . . 13 . Kick 14 | . 13 1 . Crush . | . . . . Escape Stasis . | . . . . Rewire . | . . . . Trap . | . . . . Miscellaneous . | . . . . Route ------- -11/Scrapyard -10/Materials (discovered 2 exits: *Mat / *Min) -10/Mines -10/Subcaves (discovered 1 exit: *Mat) History --------- Turn | Location | Event 2 | -11/Scrapyard | Met Revision 17 78 | -11/Scrapyard | Identified exit to Materials 78 | -11/Scrapyard | Discovered exit to Materials (range 8) 302 | -11/Scrapyard | Entered Materials 302 | -10/Materials | Evolved 1 slot: Utility x1 303 | -10/Materials | Build established: Hacker-Mutant 1243 | -10/Materials | Identified exit to Materials 1243 | -10/Materials | Discovered exit to Materials (range 16) 1948 | -10/Materials | Identified exit to Mines 1948 | -10/Materials | Discovered exit to Mines (range 8) 1958 | -10/Materials | Entered Mines 2036 | -10/Mines | Learned Materials garrison access intel 2143 | -10/Mines | Core integrity fell below 50% 2285 | -10/Mines | Received a Rocket Launcher from a helpful Derelict 2464 | -10/Mines | Found a damaged Exp. Sensor Array with a note attached 2466 | -10/Mines | Found Prototype Device 2489 | -10/Mines | Identified exit to Subcaves 2489 | -10/Mines | Discovered exit to Subcaves (range 15) 3045 | -10/Mines | A weapon hastily lodged in a ceiling crevice suddenly fell to the ground 4881 | -10/Mines | Entered Subcaves 4905 | -10/Subcaves | Learned location of Mines (-8) 5134 | -10/Subcaves | Identified exit to Materials 5134 | -10/Subcaves | Discovered exit to Materials (range 10) 5157 | -10/Subcaves | Ambushed by swarm of Subdwellers 5168 | -10/Subcaves | Shifting Twisted Machinery released Sub. Monowheel 5219 | -10/Subcaves | Core integrity fell below 20% 5245 | -10/Subcaves | Destroyed by YO-JDW(R) with Subdweller Laser Last Messages --------------- 05135_ Found Spk. Treads. 05135_ Found 32 Matter. 05136_ Acquired 4 matter. 05148_ Sub. Monowheel shoots sparks and powers down. A mess of Twisted Machinery falls from the cavern ceiling. RM-2RR(R) comes tumbling into view. 05157_ RF-6OH(h): "The Subs are coming!" 05159_ OQ-NR2(R) emerges from the Twisted Machinery. 05164_ RM-2RR(R) destroyed. 05164_ TI-2Y8(u) builds Twisted Machinery. 05165_ MI-UBK(R) emerges from the Twisted Machinery. 05166_ Broken Sub. Monowheel destroyed. 05166_ Rocket Launcher destroyed. 05167_ HV Slug penetrates MI-UBK(R). 05167_ MI-UBK(R) knocked back. Sub. Monowheel falls loose from the Twisted Machinery. 05183_ Acquired 6 matter. 05192_ The unstable cave ceiling collapses. 05218_ Lgt. Nuclear Core destroyed. 05228_ OQ-NR2(R) affixes Scrap Shield Fragment to Scrap Shield. Map ----- +----------------------------------------------------+ | ?????????## ## # ##### #####????? | | ?????????## ########## ###?## #####????? | | ????????????? ######## ###?## ##???????? | | ???????????????######## ###?### ##???????? | | ???????????????####= # ##?############???????? | | ????????????? # =%= ######## #######???????? | | ????????????? #### # ## ####### ##????????????? | | ???????????? ## ############ ##????????????? | | ????????????### ############ ###????####????? | | ????????????## ########### ###???######????? | | ????????????## ######### ######## %##????? | | #????? ? # #### &### ##### ##????? | | #?????## ### #% % ##????? | | ????#### # # # #### % ##????? | | ??########## ## ###% # ###### %###???? | | # #### ###### ## ####### ## ### ## % ##???? | | #" ### ##### # ######## #### ###??? | | " # #### # ####???## R ###?? ###?? | | ""< "!#"##=###????## ##???? ##?? | | ## " &% "##[###????## ##????? ##?? | | ######" * #"%# ##????### ##?????? ##?? | | ?######" #### ##??#### ## ##??????? ###?? | | ?"##"""# ##### ##########& ##????????####?? | | ?"=""""" ## # ###### %##%* ##?????????????? | | ""#""" =%### ### % % ###?????????????? | | ""#### #### ## @ ###?????????????? | | # " "" ### ## % ## ## ##??????????????? | | # """" ## ### #######??????????????? | | #"""""# ################??????????????? | | ####### """" ############???????????????????? | | ####### """"""###????????????????????????????? | | ?????### "##?????????????????????????????? | | ?????### ""####?????????????????????????????? | | ????#### ""#####?????????????????????????????? | | ? ## ""###???????????????????????????????? | | ? # """ ""###????????????????????????????????? | | ?### "" ""####????????????????????????????????? | | ? ######"" #####?????????????????????????????????? | | ??#############??????????????????????????????????? | | ??????#######????????????????????????????????????? | | ?????????????????????????????????????????????????? | | ?????????????????????????????????????????????????? | | ?????????????????????????????????????????????????? | | ?????????????????????????????????????????????????? | | ?????????????????????????????????????????????????? | | ?????????????????????????????????????????????????? | | ?????????????????????????????????????????????????? | | ?????????????????????????????????????????????????? | | ?????????????????????????????????????????????????? | | ?????????????????????????????????????????????????? | +----------------------------------------------------+ Best States ------------- Heat Dissipation 25 Energy Generation 14 Energy Capacity 160 Matter Stores 300 Matter Capacity 400 Sight Range 16 Terrain Scan Density 10 Resistance: KI 35 Resistance: TH 35 Resistance: EX 35 Resistance: EM 35 Resistance: I 35 Resistance: S 35 Resistance: P 35 Evasion (%) 55 Targeting Accuracy 5 Offensive Hacking 20 Item Schematics ----------------- None Robot Schematics ------------------ None Fabricated ------------ Nothing Alien Tech Used ----------------- None Achievements -------------- None Challenges ------------ None Game ------ Seed BottomlessMomentumBay Manual? 0 Play Time 00:33:12 Cumulative 1.4 hours Start 2024.04.28 @ 20:28:27 End 2024.04.28 @ 23:30:39 Sessions 3 Manual Loads 0 Difficulty Explorer Special Mode None Game No. 2 Rogue 0 Adventurer 0 Explorer 2 Win Type - Total 0 Types 0/0/0/0/0/0/0/0/0 Lore% 0 Gallery% 3 Achievement% 3 Wizard Run 0 Options --------- Layout 0 ASCII 0 Keyboard 0 Movement Arrows Keybinds 0 Fullscreen 1 Font 18/SmallcapsGlow Map View 76x50 Zoom Use 0% Tactical HUD 1 Map Filters NONE Filters NONE Steam 1 RUN: df780794-44b4-4bae-96fb-754ea7c7e8b3